 Dungeon Crawl Stone Soup version 0.29-a0-923-g6e406bff71 (webtiles) character file.

Game seed: 962084253674484777

773 xian the Magician (level 7, -7/32 HPs)
             Began as a Spriggan Conjurer on July 27, 2022.
             Shot with an arrow by a centaur (12 damage)
             ... on level 5 of the Dungeon.
             The game lasted 00:13:20 (5409 turns).

xian the Magician (Spriggan Conjurer)               Turns: 5409, Time: 00:13:20

Health: -7/32      AC:  2    Str:  5    XL:     7   Next: 53%
Magic:  5/18       EV: 16    Int: 25    God:
Gold:   1267       SH:  5    Dex: 14    Spells: 17/20 levels left

rFire   x . .      SeeInvis +   d - +2 whip (venom)
rCold   + . .      Faith    +   k - +0 buckler
rNeg    . . .      Spirit   .   a - +0 robe
rPois   .          Reflect  .   (helmet restricted)
rElec   .          Harm     .   (no cloak)
rCorr   .          Rampage  .   (gloves unavailable)
Will    +....                   (boots unavailable)
Stlth   +++.......              s - amulet of faith
HPRegen 0.10/turn               c - +6 ring of intelligence
MPRegen 0.16/turn               l - ring of ice

@: lethally poisoned (-7 -> -13), very quick
A: very small, no large weapons, unfitting armour, see invisible, speed 3
a: no special abilities


You were on level 5 of the Dungeon.
You visited 1 branch of the dungeon, and saw 5 of its levels.

You collected 1476 gold pieces.
You spent 209 gold pieces at shops.

Inventory:

Hand Weapons
 d - a +2 whip of venom (weapon)
Armour
 a - a +0 robe (worn)
 k - a +0 buckler (worn)
Jewellery
 c - a +6 ring of intelligence (left hand)
 f - a ring of protection from cold
 l - a ring of ice (right hand)
 s - an amulet of faith (around neck)
Wands
 b - a wand of mindburst (7)
Scrolls
 h - a scroll of silence {unknown}
 i - a scroll of amnesia {unknown}
 m - a scroll of teleportation
 n - 2 scrolls of magic mapping {unknown}
 o - 2 scrolls of noise {unknown}
 t - a scroll of brand weapon {unknown}
 u - 3 scrolls of identify {unknown}
 v - a scroll of butterflies {unknown}
 y - a scroll of torment {unknown}
Potions
 e - 2 potions of heal wounds
 g - 5 potions of curing {unknown}
 j - a potion of brilliance {unknown}
 p - a potion of lignification {unknown}
 q - 2 potions of mutation {unknown}
 r - 2 potions of might {unknown}
 w - a potion of degeneration {unknown}
 x - a potion of magic
 z - a potion of attraction {unknown}


   Skills:
 + Level 0.2 Fighting
 + Level 0.3 Maces & Flails
 + Level 3.2 Dodging
 + Level 4.2 Stealth
 + Level 0.1 Shields
 + Level 7.0 Spellcasting
 + Level 4.8 Conjurations
 * Level 3.5 Transmutations


You had 17 spell levels left.
You knew the following spells:

 Your Spells              Type           Power      Damage    Failure   Level
a - Magic Dart            Conj           100%       1d8       1%          1
b - Searing Ray           Conj           66%        2d6       3%          2

Your spell library contained the following spells:

 Spells                   Type           Power      Damage    Failure   Level
 Passwall                 Tmut/Erth      14%        N/A       11%         2
 Dazzling Flash           Conj/Hex       40%        N/A       16%         3
 Ensorcelled Hibernation  Hex/Ice        26%        N/A       22%         2
 Sublimation of Blood     Necr           8%         N/A       22%         2
 Ozocubu's Armour         Ice            13%        N/A       41%         3
 Swiftness                Air            8%         N/A       41%         3
 Fulminant Prism          Conj/Hex       10%        3d9       47%         4
 Iskenderun's Mystic Bla  Conj/Tloc      20%        2d6       47%         4
 Petrify                  Tmut/Erth      17%        N/A       56%         4
 Irradiate                Conj/Tmut      14%        3d16      58%         5
 Airstrike                Air            4%         0-3+      82%         4
 Summon Lightning Spire   Summ/Air       8%         N/A       82%         4
 Lightning Bolt           Conj/Air       10%        1d23      83%         5
 Ozocubu's Refrigeration  Ice            6%         4d6       100%        7


Dungeon Overview and Level Annotations

Branches:
Dungeon (5/15)
 Temple: D:4-7

Altars:
Qazlal
Xom

Shops:
D:1 *   D:3 (   D:5 (

Annotations:
D:4 Edmund
D:5 1 transporter


Innate Abilities, Weirdness & Mutations

You are very small and have problems with some larger weapons.
You are too small for most types of armour.
You have supernaturally acute eyesight. (SInv)
You cover ground extremely quickly. (Speed+++)


Message History

The scorpion is severely wounded.
You feel very sick. The scorpion stings you.
You are lethally poisoned!
The scorpion poisons you!
The magic dart hits the scorpion.
The scorpion is almost dead.
You feel very sick. The scorpion closely misses you.
The magic dart hits the scorpion.
The scorpion is almost dead.
You feel very sick.
The scorpion stings you but does no damage.
Casting: Magic Dart (safe; 1% risk of failure)
Confirm with . or Enter, or press ? or * to list all spells.
Aiming: Searing Ray (safe; 3% risk of failure)
Press: ? - help, Shift-Dir - straight line, f - centaur, p - scorpion
Aim: a centaur, wielding a +0 shortbow (88% to hit)
The searing ray hits the scorpion!
You kill the scorpion!
The searing ray hits the hound.
The hound is moderately wounded.
The searing ray hits the centaur!
The centaur is heavily wounded. (Press . to maintain the ray.)
You feel very sick.
Your Spellcasting skill increases to level 7!
The searing ray hits the hound.
The hound is severely wounded.
The searing ray hits the centaur!
The centaur is almost dead.
* * * LOW HITPOINT WARNING * * *
You feel very sick. The hound completely misses you.
The hound bites you but does no damage.
The searing ray hits the hound!
You kill the hound!
The searing ray misses the centaur.
* * * LOW HITPOINT WARNING * * *
You feel sick.
The centaur shoots an arrow.
The arrow hits you!
You die...

.....#
#.###...###.#
.....# #.# #####
#.# .....#
###.### ..#
.....# #.....##
##
.....#.....###..#
.......#### ##.##
......## . #..#
##..)## .. ##.#
...#... #@#
...##.. #.# .©
#c# ..# ©.. #...
##.. #...


You could see a centaur.

Vanquished Creatures
  Eustachio (D:5)
  A necrophage (D:5)
  3 scorpions (D:5)
  5 hounds
  2 jellies
  Ijyb (D:5)
  An iguana (D:5)
  7 adders
  A white imp (D:5)
  An ufetubus (D:4)
  2 dart slugs
  7 orcs
  4 ball pythons
  4 bats
  3 endoplasms (D:3)
  6 giant cockroaches
  11 goblins
  8 hobgoblins
  10 kobolds
  5 quokkas
  A frilled lizard (D:1)
  5 rats
89 creatures vanquished.

Notes
Turn   | Place    | Note
-------+----------+-------------------------------------------
     0 | D:1      | xian the Spriggan Conjurer began the quest for the Orb.
     0 | D:1      | Reached XP level 1. HP: 9/9 MP: 5/5
   176 | D:1      | Reached XP level 2. HP: 13/13 MP: 4/6
   226 | D:1      | Reached skill level 3 in Spellcasting
   813 | D:1      | Found Rew Fekh's Assorted Antiques.
   816 | D:1      | Bought a scroll labelled PUHAKKO QUBBU for 22 gold pieces
   979 | D:1      | Reached XP level 3. HP: 16/16 MP: 6/8
  1271 | D:2      | Learned a level 2 spell: Searing Ray
  1528 | D:2      | You fall into a shaft and drop 2 floors!
  1604 | D:4      | Reached XP level 4. HP: 21/21 MP: 4/10
  1700 | D:3      | Reached skill level 4 in Spellcasting
  1828 | D:3      | Found a shimmering altar of Xom.
  2742 | D:3      | Reached XP level 5. HP: 24/24 MP: 6/12
  2743 | D:3      | Identified a scroll of acquirement
  2743 | D:3      | Acquired 1245 gold pieces
  3102 | D:1      | Bought a sedimented purple potion for 19 gold pieces
  3102 | D:1      | Bought a clear potion for 19 gold pieces
  3102 | D:1      | Bought 2 yellow potions for 39 gold pieces
  3102 | D:1      | Bought a thin pearl amulet for 110 gold pieces
  3182 | D:3      | Found Amivu's Weapon Shop.
  3495 | D:4      | Noticed Edmund
  3855 | D:4      | Found a stormy altar of Qazlal.
  3861 | D:4      | Reached skill level 1 in Transmutations
  4496 | D:5      | Entered Level 5 of the Dungeon
  4496 | D:5      | Noticed Ijyb
  4518 | D:5      | Killed Ijyb
  4529 | D:5      | Reached skill level 5 in Spellcasting
  4642 | D:5      | Reached XP level 6. HP: 26/28 MP: 9/15
  4833 | D:5      | Reached skill level 6 in Spellcasting
  4895 | D:5      | Found Isoeph's Weapon Shoppe.
  4953 | D:5      | Reached XP level 7. HP: 32/32 MP: 9/17
  5009 | D:5      | Noticed Eustachio
  5037 | D:5      | Killed Eustachio
  5394 | D:5      | Found a transporter.
  5408 | D:5      | Reached skill level 7 in Spellcasting
  5409 | D:5      | Shot with an arrow by a centaur

Illustrated notes

Levels and vault maps discovered:
D:1:      spicycebolla_green_bress_n_ham, layout_loops_ring, serial_shops,
          nicolae_shop_behind_doors, serial_bayou_pond_e, moated_statue
D:2:      layout_rooms
D:3:      layout_loops_ring, xom_confusion_cloud, serial_shops,
          nicolae_shop_behind_doors
D:4:      layout_basic, nicolae_qazlal_scattered_showers, serial_corexii_hall,
          corexii_hall_statues_s, chequers_hall_statues_wall_a, uniq_edmund
D:5:      layout_basic, nemelex_diamond_rough_becter,
          gammafunk_ghost_stat_death, serial_shops, nicolae_diamond_shop,
          uniq_ijyb, uniq_eustachio

Skill      XL: |  1  2  3  4  5  6  7 |
---------------+----------------------+-----
Conjurations   | 3 4 |  4.8
Spellcasting   | 3 4 5 6 7 |  7.0
Dodging        | 3 |  3.2
Transmutations | 1 3 |  3.5
Stealth        | 4 |  4.2
Fighting       | |  0.2
Maces & Flails | |  0.3
Shields        | |  0.1

Action                   |  1- 3 |  4- 6 |  7- 9 || total
-------------------------+-------+-------+-------++-------
Melee: Whip              |     9 |       |       ||     9
 Cast: Magic Dart        |    77 |    89 |    15 ||   181
       Searing Ray       |       |    24 |     5 ||    29
  Use: Scroll            |       |     2 |       ||     2
       Potion            |       |     2 |       ||     2
Armor: Robe              |     1 |     4 |     2 ||     7
Dodge: Dodged            |    14 |    27 |     6 ||    47
Block: Buckler           |       |     7 |     2 ||     9

Table legend: (Time is in decaauts)
 A = Elapsed time spent in this place.
 B = Non-inter-level travel time spent in this place.
 C = Inter-level travel time spent in this place.
 D = Time resting spent in this place.
 E = Time spent auto-exploring this place.
 F = Levels seen in this place.
 G = Mean time per level.
                   A        B        C        D        E       F      G
               +--------+--------+--------+--------+--------+-----+--------+
         Total |   4333 |   4242 |     91 |     85 |   3461 |   5 |  866.6 |
       Dungeon |   4333 |   4242 |     91 |     85 |   3461 |   5 |  866.6 |
               +--------+--------+--------+--------+--------+-----+--------+

Top non-repeatable levels by time:
     D:4: 1066 daAuts
     D:1: 1026 daAuts
     D:3: 967 daAuts
     D:5: 849 daAuts
     D:2: 423 daAuts
